 Dungeon Crawl Stone Soup version 0.31-a0-848-gaac375c287 (webtiles) character file.

Game seed: 3048264209642222630

21027 pop123321pop the Basher (level 12, 0/115 HPs)
             Began as a Minotaur Berserker on Oct 4, 2023.
             Was a High Priest of Trog.
             Killed by divine providence
             ... invoked by Saint Roka
              (15 damage)
             ... on level 1 of the Orcish Mines on Oct 5, 2023.
             The game lasted 00:33:47 (12848 turns).

pop123321pop the Basher (Minotaur Berserker)       Turns: 12848, Time: 00:33:47

Health: 0/115      AC: 32    Str: 29    XL:     12   Next: 50%
Magic:  11/11      EV:  9    Int:  1    God:    Trog [*****.]
Gold:   1685       SH:  7    Dex: 13    Spells: 11/11 levels left

rFire   + . .        o - +2 whip (elec)
rCold   . . .        A - +0 buckler
rNeg    . . .        f - +4 plate armour {rF+}
rPois   .            (helmet restricted)
rElec   +            D - +1 cloak
rCorr   .            z - +1 pair of gloves
SInv    .            (no boots)
Will    .....        q - amulet of regeneration Stlth
                     S - +4 ring of protection
HPRegen 1.19/turn    a - ring of the Wary Xenops {rElec AC+4 Str+7 Int-5}
MPRegen 0.12/turn

%: no passive effects
@: on berserk cooldown, slowed, very slow
A: horns 2, retaliatory headbutt
a: Renounce Religion, Berserk, Trog's Hand, Brothers in Arms


You were on level 1 of the Orcish Mines.
You worshipped Trog.
Trog was extremely pleased with you.
You visited 2 branches of the dungeon, and saw 13 of its levels.

You collected 2996 gold pieces.
You spent 1311 gold pieces at shops.

Inventory:

Hand Weapons
 j - the +5 orcbow of Yte Lidd {flame, rPois rCorr}
   (You found it on level 2 of the Dungeon)

   rPois:     It protects you from poison rCorr: It protects you from acid and
   corrosion.
 o - a +2 whip of electrocution (weapon)
Missiles
 b - 5 silver javelins
 C - 2 throwing nets
Armour
 c - a scarf of invisibility
 f - a +4 plate armour of fire resistance (worn)
 z - a +1 pair of gloves (worn)
 A - a +0 buckler (worn)
 D - a +1 cloak (worn)
Jewellery
 a - the ring of the Wary Xenops (right hand) {rElec AC+4 Str+7 Int-5}
   (You acquired it on level 5 of the Dungeon)

   [ring of protection]

   AC+4:      It affects your AC (+4).
   Str+7:     It affects your strength (+7).
   Int-5:     It affects your intelligence (-5).
   rElec:     It insulates you from electricity.
 e - a +6 ring of dexterity
 h - a ring of protection from fire
 k - an amulet of guardian spirit
 q - an amulet of regeneration (around neck)
 t - a +4 ring of protection
 w - a ring of flight
 M - the amulet "Reaskon" {Drain rPois Regen+ Stlth+}
   (You found it on level 10 of the Dungeon)

   [amulet of regeneration]

   rPois:     It protects you from poison Regen+: It increases your rate of
   health regeneration.
   Drain:     It drains your maximum health when unequipped.
   Stlth+:    It makes you more stealthy.
 N - an amulet of the acrobat
 S - a +4 ring of protection (left hand)
Wands
 p - a wand of digging (10)
 v - a wand of flame (10)
 B - a wand of roots (7)
 I - a wand of acid (5)
Scrolls
 d - 3 scrolls of noise
 i - a scroll of poison
 l - 5 scrolls of vulnerability
 m - a scroll of amnesia
 n - 4 scrolls of fear
 u - a scroll of revelation
 x - 3 scrolls of teleportation
 y - a scroll of torment
 J - a scroll of silence
 R - a scroll of immolation {unknown}
Potions
 g - 2 potions of attraction
 r - 4 potions of degeneration
 s - 3 potions of curing
 F - a potion of ambrosia {unknown}
 H - a potion of lignification {unknown}
 K - a potion of invisibility {unknown}
 O - a potion of heal wounds {unknown}
 Q - a potion of mutation {unknown}


   Skills:
 * Level 13.3 Fighting
 - Level 13.6 Maces & Flails
 - Level 12.3 Armour
 - Level 2.1 Dodging
 - Level 12.0 Shields
 + Level 1.3 Evocations


You had 11 spell levels left.
You didn't know any spells.
Your spell library was empty.

Dungeon Overview and Level Annotations

Branches:
Dungeon (11/15)            Temple (0/1) D:4            Lair (0/5) D:9
    Orc (2/2) D:10            Elf (0/3) Orc:2

Altars:
Cheibriados
Kikubaaqudgha
Makhleb
Nemelex Xobeh
Qazlal
Sif Muna
Uskayaw
Xom

Shops:
D:3 *   D:5 [!*   D:10 ?   Orc:1 (

Annotations:
Orc:1 Saint Roka


Innate Abilities, Weirdness & Mutations

You have a pair of horns on your head.
You reflexively headbutt those who attack you in melee.


Message History

Saint Roka hits you with a +3 battleaxe of electrocution.
Items here: ))) [ †.
There is a stone staircase leading up, spattered with blood here.
You feel your anger nearly subside.
You are no longer berserk.
You are exhausted.
You feel yourself slow down.
The orc warrior no longer looks unusually strong.
The orc warrior unwields a +0 orcbow.
The orc warrior wields a +0 halberd.
The orc warrior hits you with a +0 halberd!
* * * LOW HITPOINT WARNING * * *
You see here a +0 giant club.
The orc warrior hits you but does no damage.
The orc warrior unwields a +0 halberd.
The orc warrior wields a +0 orcbow.
The orc warrior shoots an arrow.
The arrow hits you but does no damage.
Saint Roka calls down the wrath of Beogh upon you.
Beogh smites you!
* * * LOW HITPOINT WARNING * * *
There is a stone staircase leading up, spattered with blood here.
The orc warrior barely misses you.
Saint Roka roars a battlecry!
The orc warriors go into a battle-frenzy!
The orc warrior shoots an arrow.
The arrow hits you but does no damage.
The orc warrior shoots an arrow.
The arrow hits you but does no damage. The orc warrior closely misses you.
Saint Roka invokes the aid of Beogh against you.
Beogh smites you!
* * * LOW HITPOINT WARNING * * *
The orc warrior shoots an arrow.
The arrow barely misses you.
You climb upwards.
There is a stone staircase leading down, spattered with blood here.
Things that are here:
a +0 robe; a +0 dagger
As you read the scroll of fear, it crumbles to dust.
You assume a fearsome visage.
Saint Roka looks frightened!
Items here: $ )))))) [.
Saint Roka seems to regain their courage.
Saint Roka calls down the wrath of Beogh upon you.
Beogh smites you!
You die...
Saint Roka roars, "Praise to Beogh!"

#######......~~~~~~~~~...........
#...###.................#........
'...##........).....#.o.......#..
#...###.........[................
#...####........[[...............
#...##...........[[)...^.....#...
#...#............[>[..........#..
#...#............$)..............
#####....#......@........#.#.....
# ##..................#...#.... #
###..............##.......... #
##........#...................
####........##......)#...#....._.
..###.)....####.##...............
...#...#.### ###................
....#.#### ##.∩.............
.)......##### #.....#>#.....#.#


You could see Saint Roka.

Vanquished Creatures
  Erolcha (D:11)
  Erica (D:11)
  A boulder beetle (D:11)
  4 two-headed ogres
  Urug (D:11)
  Lodul (D:10)
  Pikel (D:6)
  4 lindwurms (D:10)
  The ghost of GreenGuy14 the Chopper, a novice MiFi (D:8)
  2 orc knights (Orc:1)
  A manticore (D:11)
  2 cyclopes (D:11)
  Maggie (D:6)
  A troll (Orc:1)
  Sigmund (D:3)
  2 shadows
  2 vampires (D:10)
  3 wyverns
  A wraith (D:10)
  A basilisk (D:11)
  Grum (D:8)
  A steam dragon (D:7)
  6 wargs
  An acid dragon (D:11)
  3 water moccasins
  31 orc warriors
  An ice beast (D:5)
  A black bear (D:6)
  2 wolves (D:8)
  4 centaurs
  9 ogres
  A lemure (D:6)
  3 kobold brigands
  4 bullfrogs
  A gnoll sergeant (D:7)
  3 scorpions
  4 wights (D:7)
  8 killer bees
  3 howler monkeys
  3 hounds
  2 jellies
  18 orc priests
  A gnoll bouda (D:9)
  3 iguanas
  A sleepcap (D:7)
  25 orc wizards
  Natasha (twice) (D:2)
  Robin (D:4)
  8 gnolls
  6 adders
  2 white imps
  2 ufetubi
  3 dart slugs
  3 worms
  88 orcs
  6 ball pythons
  8 bats
  7 endoplasms
  3 giant cockroaches
  8 goblins
  12 hobgoblins
  7 jackals (D:1)
  16 kobolds
  3 quokkas
  3 frilled lizards
  11 rats
371 creatures vanquished.

Vanquished Creatures (collateral kills)
  2 orc warriors (Orc:2)
  A centaur (Orc:2)
  2 orcs (Orc:2)
5 creatures vanquished.

Vanquished Creatures (others)
  An orc (Orc:2)
1 creature vanquished.

Grand Total: 377 creatures vanquished

Notes
Turn   | Place    | Note
-------+----------+-------------------------------------------
     0 | D:1      | pop123321pop the Minotaur Berserker began the quest for the
                  | Orb.
     0 | D:1      | Reached XP level 1. HP: 19/19 MP: 0/0
   112 | D:1      | Reached XP level 2. HP: 26/26 MP: 1/1
   317 | D:1      | Reached skill level 5 in Maces & Flails
   319 | D:1      | Reached ** piety under Trog
   322 | D:1      | Reached XP level 3. HP: 23/31 MP: 2/2
  1011 | D:2      | Identified the +5 orcbow of Yte Lidd {flame, rPois rCorr}
  1264 | D:2      | Noticed Natasha
  1275 | D:2      | Killed Natasha
  1276 | D:2      | Reached XP level 4. HP: 27/39 MP: 3/3
  1686 | D:2      | Noticed Natasha
  1690 | D:2      | Killed Natasha
  2102 | D:3      | Reached XP level 5. HP: 40/45 MP: 4/4
  2215 | D:3      | Found Kotsym's Assorted Antiques.
  2496 | D:3      | Noticed Sigmund
  2518 | D:3      | Killed Sigmund
  2519 | D:3      | Reached XP level 6. HP: 19/51 MP: 5/5
  2521 | D:3      | Reached *** piety under Trog
  3210 | D:4      | Found a staircase to the Ecumenical Temple.
  3243 | D:4      | Found a snail-covered altar of Cheibriados.
  3249 | D:4      | Found a shimmering altar of Xom.
  3252 | D:4      | Found an ancient bone altar of Kikubaaqudgha.
  3254 | D:4      | Found a sparkling altar of Nemelex Xobeh.
  3301 | D:4      | Identified the +7 flail "Fimaq" {holy, rPois}
  3614 | D:4      | Noticed Robin
  3628 | D:4      | Killed Robin
  4075 | D:5      | Entered Level 5 of the Dungeon
  4146 | D:5      | Found a hide-covered altar of Uskayaw.
  4256 | D:5      | Found Wedax's Distillery.
  4263 | D:5      | Noticed an ice beast
  4271 | D:5      | Killed an ice beast
  4272 | D:5      | Reached XP level 7. HP: 40/57 MP: 6/6
  4276 | D:5      | Reached skill level 10 in Maces & Flails
  4386 | D:5      | Found Wolef's Antique Armour Shoppe.
  4404 | D:5      | Identified a scroll of acquirement
  4410 | D:5      | Acquired the ring of the Wary Xenops {rElec AC+4 Str+7
                  | Int-5}
  4412 | D:5      | Lost intelligence.
  4930 | D:5      | Found Vuinuuto's Assorted Antiques.
  5108 | D:5      | Acquired 856 gold pieces
  5179 | D:3      | Bought a glowing plate armour for 728 gold pieces
  5191 | D:3      | Bought a pair of glowing gloves for 210 gold pieces
  5191 | D:3      | Bought a buckler for 126 gold pieces
  5432 | D:6      | Reached **** piety under Trog
  5433 | D:6      | Reached XP level 8. HP: 61/64 MP: 7/7
  5548 | D:6      | Noticed Pikel
  5549 | D:6      | Found a glowing drain.
  5562 | D:6      | Noticed Maggie
  5592 | D:6      | Killed Pikel
  5626 | D:6      | Killed Maggie
  5627 | D:6      | Reached skill level 5 in Fighting
  5627 | D:6      | Reached XP level 9. HP: 46/75 MP: 8/8
  5664 | D:6      | You are sucked into a shaft and drop 1 floor!
  6451 | D:7      | Reached skill level 10 in Fighting
  6609 | D:5      | Bought a runed cloak for 195 gold pieces
  7081 | D:5      | Bought a scroll of identify for 52 gold pieces
  7322 | D:8      | Found a burning altar of Makhleb.
  7330 | D:8      | Noticed Grum
  7340 | D:8      | Killed Grum
  7347 | D:8      | Reached XP level 10. HP: 88/96 MP: 9/9
  7553 | D:8      | Found a large runed translucent door.
  7554 | D:8      | Found a large runed translucent door.
  7557 | D:8      | Noticed GreenGuy14's ghost (novice MiFi)
  8030 | D:8      | Killed GreenGuy14's ghost
  8131 | D:9      | Found a staircase to the Lair.
  8188 | D:9      | Reached ***** piety under Trog
  8600 | D:9      | Found a stormy altar of Qazlal.
  9040 | D:10     | Entered Level 10 of the Dungeon
  9058 | D:10     | Reached skill level 5 in Armour
  9160 | D:10     | Noticed a two-headed ogre
  9171 | D:10     | Killed a two-headed ogre
  9510 | D:10     | Found a staircase to the Orcish Mines.
  9534 | D:10     | Identified the +0 chain mail of Wu Jian's Whim {Dex+4}
  9536 | D:10     | Noticed Lodul
  9537 | D:10     | Noticed a lindwurm
  9557 | D:10     | Noticed a lindwurm
  9562 | D:10     | Killed Lodul
  9565 | D:10     | Reached XP level 11. HP: 91/107 MP: 10/10
  9610 | D:10     | Noticed a lindwurm
  9610 | D:10     | Noticed a lindwurm
  9699 | D:10     | Killed a lindwurm
  9700 | D:10     | Reached skill level 10 in Armour
  9708 | D:10     | Killed a lindwurm
  9731 | D:10     | Killed a lindwurm
  9738 | D:10     | Killed a lindwurm
  9761 | D:10     | Identified the amulet "Reaskon" {Drain rPois Regen+ Stlth+}
  9824 | D:10     | Found Nosig's Magic Scroll Shoppe.
 10024 | D:10     | Found a shimmering blue altar of Sif Muna.
 10303 | D:11     | Noticed Erolcha
 10325 | D:11     | Killed Erolcha
 10413 | D:11     | Reached skill level 1 in Shields
 10548 | D:11     | Noticed a two-headed ogre
 10558 | D:11     | Killed a two-headed ogre
 10601 | D:11     | Noticed Urug
 10621 | D:11     | Killed Urug
 10622 | D:11     | Reached skill level 5 in Shields
 10667 | D:11     | Noticed Erica
 10678 | D:11     | Killed Erica
 10720 | D:11     | Noticed a boulder beetle
 10733 | D:11     | Killed a boulder beetle
 11035 | Orc:1    | Entered Level 1 of the Orcish Mines
 11219 | Orc:1    | Reached XP level 12. HP: 114/115 MP: 11/11
 11378 | Orc:1    | Found Boluupne's Weapon Emporium.
 11813 | Orc:1    | Noticed a two-headed ogre
 11820 | Orc:1    | Killed a two-headed ogre
 11965 | Orc:1    | Reached skill level 10 in Shields
 12139 | Orc:2    | Entered Level 2 of the Orcish Mines
 12139 | Orc:2    | Noticed a two-headed ogre
 12157 | Orc:1    | Killed a two-headed ogre
 12216 | Orc:2    | Found a staircase to the Elven Halls.
 12232 | Orc:1    | Received a gift from Trog
 12528 | Orc:2    | Noticed Saint Roka
 12698 | Orc:1    | Reached skill level 1 in Evocations
 12848 | Orc:1    | Killed from afar by Saint Roka

Illustrated notes

Levels and vault maps discovered:
D:1:      ebering_trefoil_3fold, layout_loops_ring
D:2:      layout_loops_corners, uniq_natasha
D:3:      layout_basic, serial_shops, shop, nrook_mini_vaults,
          serial_bayou_crossing, uniq_sigmund
D:4:      layout_loops_corners, minitemple, minmay_temple_entry_butterflies,
          hangedman_decor_riveting, uniq_robin
D:5:      layout_basic, nicolae_uskayaw_dance_hall, serial_shops,
          nicolae_stop_n_shop_1, nicolae_shop_industrial_runoff, shop
D:6:      layout_rooms, cheibrodos_sewer_entry_drain, uniq_maggie, uniq_pikel
D:7:      layout_layer_cave, hangedman_abyss_or_decor_passed
D:8:      layout_cave_pods, mainiacjoe_overflow_small_starburst,
          ebering_ghost_disaster_area, serial_glass, glass_columns_a,
          glass_columns_a, glass_columns_c, glass_columns_a, patterned_corridor,
          uniq_grum
D:9:      layout_basic, nicolae_qazlal_general_emergency, dpeg_oklobed_lair
D:10:     layout_grid_maze, kennysheep_orc_sif_temple, orc_0_dummy,
          serial_shops, shop, minmay_lindwurm_lava, uniq_lodul
D:11:     layout_roguey, uniq_erica, uniq_erolcha, uniq_urug
Orc:1:    cheibrodos_orc_bank, layout_caves, basic_altar, serial_shops, shop,
          nooodl_orcs_dogs
Orc:2:    st_orc_rangers, layout_caves, uniq_saint_roka

Skill      XL: |  1  2  3  4  5  6  7  8  9 10 11 12 |
---------------+-------------------------------------+-----
Maces & Flails | 4 5 6 8 9 11 13 | 13.6
Fighting       | 5 11 13 | 13.3
Armour         | 9 12 | 12.3
Shields        | 8 12 | 12.0
Evocations     | 1 |  1.3
Dodging        | |  2.1

Action                     |  1- 3 |  4- 6 |  7- 9 | 10-12 || total
---------------------------+-------+-------+-------+-------++-------
  Melee: Mace              |    65 |    97 |       |       ||   162
         Headbutt          |    11 |    21 |    57 |   146 ||   235
         Punch             |     1 |     1 |       |       ||     2
         Whip              |       |    28 |   291 |   617 ||   936
   Fire: Orcbow            |       |       |       |    55 ||    55
 Invoke: Berserk           |     1 |     2 |     4 |     6 ||    13
         Trog's Hand       |       |       |     2 |       ||     2
         Brothers in Arms  |       |       |       |     1 ||     1
    Use: Potion            |       |     2 |     1 |     1 ||     4
         Scroll            |       |       |    12 |     8 ||    20
   Stab: Sleeping          |     1 |     1 |       |       ||     2
 Armour: Animal skin       |    44 |    32 |       |       ||    76
         Leather armour    |       |    22 |    28 |       ||    50
         Plate armour      |       |       |   200 |   487 ||   687
  Dodge: Dodged            |    47 |    71 |   107 |   224 ||   449
  Block: Buckler           |       |       |    33 |   150 ||   183

Table legend: (Time is in decaauts)
 A = Elapsed time spent in this place.
 B = Non-inter-level travel time spent in this place.
 C = Inter-level travel time spent in this place.
 D = Time resting spent in this place.
 E = Time spent auto-exploring this place.
 F = Levels seen in this place.
 G = Mean time per level.
                   A        B        C        D        E       F      G
               +--------+--------+--------+--------+--------+-----+--------+
         Total |  12702 |  11719 |    983 |   1050 |   8475 |  13 |  977.1 |
       Dungeon |  11064 |  10106 |    958 |    604 |   7782 |  11 | 1005.8 |
  Orcish Mines |   1638 |   1613 |     25 |    445 |    693 |   2 |  819.0 |
               +--------+--------+--------+--------+--------+-----+--------+

Top non-repeatable levels by time:
     D:3: 1374 daAuts
    D:10: 1280 daAuts
     D:5: 1217 daAuts
   Orc:1: 1214 daAuts
     D:2: 1015 daAuts
     D:4: 1006 daAuts
     D:9: 944 daAuts
     D:7: 927 daAuts
     D:8: 906 daAuts
     D:1: 903 daAuts
     D:6: 755 daAuts
    D:11: 733 daAuts
   Orc:2: 423 daAuts
